Map: Port Aleksander LE

Players

IceWavE

  • Race: Zerg Zerg
  • League: Diamond
  • Spawn Location: 5:00

Andacht - Winner!

  • Race: Terran Terran
  • League: Diamond
  • Spawn Location: 11:00

VOD

Have the link to the VOD?

Description

Time

  • Played on: Feb. 2, 2019, 2:51 p.m.
  • Length: 21:58
Show
View Real Time Build Order
Export as new Build Order

IceWavE Zerg 

Build Orders: Hatch First, Muta Ling Bane 

Get SALT Encoding   

  12  0:03  Drone  
  13  0:11  Drone  
  14  0:22  Overlord  
  14  0:40  Drone x2  
  16  0:52  Hatchery  
  16  0:55  Drone  
  16  1:00  Drone  
  16  1:02  Drone  
  18  1:14  Extractor  
  17  1:20  Spawning Pool  
  17  1:22  Drone  
  17  1:26  Drone  
  18  1:37  Drone  
  19  1:46  Drone  
  20  1:56  Drone  
  21  2:07  Queen x2, Zergling x2  
  26  2:09  Zergling x2  
  27  2:19  Metabolic Boost  
  27  2:22  Drone  
  28  2:24  Overlord  
  28  2:40  Drone  
  28  2:48  Drone x2  
  30  2:53  Drone  
  30  2:54  Drone x2  
  33  3:00  Drone  
  33  3:03  Hatchery  
  34  3:05  Drone  
  34  3:13  Queen  
  34  3:15  Overlord  
  36  3:33  Drone x2  
  38  3:37  Drone x4  
  38  3:38  Drone  
  43  3:45  Drone  
  44  3:55  Overlord x2  
  44  3:59  Extractor  
  44  4:00  Lair  
  43  4:03  Drone  
  43  4:04  Overlord x2  
  44  4:13  Queen  
  44  4:16  Drone x5  
  51  4:30  Extractor  
  50  4:35  Spine Crawler  
  50  4:37  Spine Crawler  
  50  4:38  Drone  
  49  4:45  Spore Crawler  
  48  4:48  Queen, Spore Crawler  
  42  5:00  Drone  
  42  5:01  Drone x9  
  50  5:17  Extractor  
  50  5:18  Drone x4  
  53  5:21  Drone  
  53  5:24  Drone  
  53  5:28  Drone x3  
  58  5:32  Spire  
  58  5:33  Queen  
  59  5:40  Drone  
  60  5:44  Spore Crawler  
  60  5:47  Drone  
  60  5:48  Drone x3  
  63  5:53  Drone x2  
  65  6:00  Baneling Nest  
  65  6:02  Drone x2  
  65  6:03  Drone, Evolution Chamber x2  
  64  6:20  Drone x9  
  73  6:29  Overlord x2  
  73  6:32  Zerg Ground Armor Level 1, Zerg Missile Weapons Level 1  
  60  7:01  Drone  
  60  7:04  Drone  
  60  7:05  Drone x10  
  71  7:11  Mutalisk  
  71  7:12  Mutalisk x7  
  87  7:16  Drone  
  88  7:30  Drone  
  88  7:32  Overlord x2  
  89  7:43  Hatchery  
  88  7:49  Overseer  
  88  7:51  Drone  
  89  7:53  Zergling x2  
  89  7:54  Zergling x18  
  99  8:04  Zergling x2, Extractor  
  99  8:05  Zergling x2  
  100  8:06  Overlord x2  
  100  8:13  Infestation Pit  
  97  8:22  Zergling x2  
  97  8:23  Zergling x14  
  105  8:36  Zergling x18  
  105  8:37  Zerg Missile Weapons Level 2, Overlord x2  
  105  8:38  Zerg Ground Armor Level 2  
  114  8:43  Zerg Flyer Weapons Level 1, Centrifical Hooks  
  114  8:47  Queen  
  116  8:50  Baneling x10  
  116  8:59  Zergling x2  
  116  9:00  Zergling x18  
  126  9:05  Drone  
  127  9:10  Baneling x12  
  127  9:11  Zergling x2  
  127  9:12  Overseer x3  
  128  9:31  Zergling x12  
  109  9:32  Zergling x10  
  119  9:44  Zergling x2  
  119  9:45  Zergling x10, Hatchery  
  123  9:50  Zergling x2  
  123  9:51  Zergling x2  
  125  10:06  Zergling x2  
  97  10:20  Zergling x14  
  97  10:21  Zergling x10  
  103  10:30  Zergling x2  
  103  10:31  Zergling x6  
  105  10:39  Zergling x2  
  105  10:40  Zergling x10  
  111  10:47  Hive, Zerg Flyer Weapons Level 2  
  111  10:49  Hatchery  
  110  10:58  Hatchery  
  110  11:00  Drone x13  
  110  11:01  Overlord  
  122  11:10  Baneling x15  
  122  11:11  Baneling x11  
  118  11:23  Spine Crawler, Drone x6  
  123  11:29  Spore Crawler  
  123  11:32  Drone  
  123  11:33  Spine Crawler  
  123  11:34  Spine Crawler  
  123  11:35  Drone x4  
  123  11:39  Extractor  
  124  11:40  Extractor  
  124  11:42  Spine Crawler  
  124  11:43  Spine Crawler  
  124  11:45  Spore Crawler  
  120  11:48  Zergling x6  
  120  11:49  Zergling x4  
  125  11:55  Zergling x4  
  125  11:56  Zergling x6  
  130  12:05  Zergling x4  
  115  12:12  Zergling x2  
  104  12:17  Zergling x8  
  104  12:18  Overlord x7  
  108  12:24  Zergling x2  
  98  12:39  Zergling x2  
  98  12:40  Zergling x22  
  105  12:44  Hatchery  
  105  12:50  Zergling x2  
  108  12:51  Zergling x18  
  108  12:55  Baneling  
  108  12:56  Baneling x5  
  111  13:05  Zergling x4  
  113  13:17  Zergling x6, Corruptor  
  113  13:18  Corruptor x4  
  126  13:23  Baneling  
  126  13:24  Baneling x13  
  126  13:25  Zergling x2  
  126  13:26  Zergling x2  
  124  13:39  Zergling x2  
  124  13:40  Zergling x10  
  129  13:41  Zergling x2  
  129  13:42  Zergling x14  
  134  13:54  Zergling x10  
  134  13:55  Zergling x2  
  137  14:02  Zergling x2  
  137  14:03  Zergling x14  
  144  14:11  Adrenal Glands  
  144  14:12  Zerg Missile Weapons Level 3  
  144  14:13  Zerg Ground Armor Level 3  
  144  14:20  Baneling  
  144  14:21  Baneling x7  
  86  14:56  Zergling x2  
  86  14:57  Zergling x32  
  86  14:58  Zergling x20  
  113  15:13  Zergling x2  
  113  15:14  Zergling x14  
  121  15:18  Baneling  
  121  15:19  Baneling x19, Corruptor  
  121  15:20  Baneling x2, Corruptor x2  
  126  15:34  Zergling x2  
  126  15:35  Zergling x18  
  116  15:36  Corruptor  
  116  15:37  Corruptor  
  105  15:43  Zergling x2  
  105  15:44  Zergling x6  
  109  15:52  Spine Crawler  
  109  15:54  Spine Crawler x2  
  106  16:01  Zergling x2  
  107  16:04  Baneling  
  107  16:05  Baneling x9  
  107  16:08  Ultralisk Cavern  
  106  16:20  Zergling x4  
  106  16:21  Zergling x14  
  115  16:30  Zergling x14  
  115  16:31  Zergling x10  
  124  16:39  Spine Crawler  
  119  16:40  Spine Crawler  
  112  16:50  Zergling x26  
  110  16:57  Zergling x2  
  104  17:06  Zergling x2  
  104  17:07  Zergling x6  
  105  17:10  Zergling x12  
  110  17:18  Zergling x2  
  110  17:19  Zergling x10  
  110  17:21  Zergling x2  
  115  17:28  Hatchery  
  113  17:41  Baneling x10  
  113  17:42  Baneling x10, Zergling x2  
  113  17:43  Zergling x24  
  122  17:48  Pneumatized Carapace  
  122  17:51  Zerg Melee Weapons Level 1  
  122  18:00  Zergling x2  
  122  18:01  Zergling x2  
  107  18:07  Zergling x10  
  107  18:10  Zergling x16  
  101  18:14  Zergling x2  
  101  18:15  Zergling x6  
  101  18:19  Zergling x2  
  98  18:20  Zergling x2  
  93  18:29  Zergling x2  
  93  18:30  Zergling x2  
  93  18:31  Zergling x38  
  93  18:32  Zergling x2  
  107  18:42  Zergling x2  
  107  18:43  Zergling x10  
  95  19:04  Zergling x2  
  96  19:10  Ultralisk x2  
  108  19:34  Hatchery  
  89  19:44  Zergling x26  
  89  19:45  Zergling x18  
  109  19:48  Baneling x3  
  109  19:49  Baneling x4  
  109  20:00  Ultralisk  
  109  20:04  Baneling x7  
  109  20:05  Baneling x4  
  115  20:12  Zergling x2  
  115  20:13  Zergling x10  
  98  20:21  Corruptor  
  98  20:22  Corruptor  
  102  20:31  Spine Crawler, Spore Crawler  
  102  20:32  Spine Crawler  
  99  20:42  Zergling x6  
  101  20:58  Hatchery  
  100  21:27  Hatchery  
  123  21:40  Spine Crawler, Spore Crawler  
  123  21:41  Overseer  
Show
View Real Time Build Order
Export as new Build Order

Andacht Terran - Winner!

Build Orders: Reaper Expand, Hellion Banshee 

Get SALT Encoding   

  12  0:01  SCV  
  13  0:13  SCV  
  14  0:18  Supply Depot  
  14  0:26  SCV  
  15  0:40  SCV  
  15  0:42  Barracks  
  16  0:46  Refinery  
  16  0:52  SCV  
  17  1:04  SCV  
  18  1:16  SCV  
  19  1:29  Orbital Command  
  19  1:31  Reaper  
  20  1:46  Command Center  
  20  1:56  SCV  
  21  2:05  Marine  
  21  2:08  Factory  
  22  2:14  SCV  
  23  2:17  Supply Depot  
  23  2:25  Barracks Reactor  
  23  2:27  Refinery  
  23  2:38  SCV  
  23  2:44  Supply Depot  
  24  2:52  SCV  
  25  3:00  Starport  
  25  3:04  SCV  
  26  3:06  SCV  
  27  3:13  Hellion x2  
  27  3:17  Orbital Command  
  27  3:19  Barracks Tech Lab  
  31  3:25  SCV  
  32  3:35  Supply Depot  
  32  3:37  SCV  
  33  3:42  Hellion x2  
  33  3:43  SCV  
  33  3:46  Barracks Tech Lab  
  37  3:51  SCV  
  37  3:53  Supply Depot  
  38  3:56  Banshee  
  38  3:57  SCV  
  42  4:06  SCV  
  43  4:10  Hellion  
  43  4:11  Hellion, Supply Depot  
  43  4:13  SCV  
  49  4:24  SCV  
  49  4:26  SCV  
  50  4:32  Command Center  
  50  4:35  Hellion  
  50  4:37  SCV  
  53  4:42  Cloaking Field, Barracks  
  53  4:54  Hellion  
  53  4:57  Hellion  
  53  5:02  Banshee  
  56  5:16  SCV, Hellion  
  56  5:19  Stimpack  
  56  5:21  SCV  
  56  5:22  Engineering Bay, Barracks  
  56  5:23  Engineering Bay  
  56  5:28  SCV  
  56  5:32  Refinery  
  56  5:33  Hellion  
  59  5:39  SCV  
  59  5:40  Refinery  
  60  5:45  Barracks Reactor  
  60  5:51  SCV, Terran Infantry Weapons Level 1  
  60  5:54  SCV  
  62  6:00  Marine  
  62  6:01  Widow Mine  
  62  6:03  SCV  
  66  6:06  Barracks  
  66  6:07  SCV  
  66  6:10  Orbital Command  
  67  6:15  SCV  
  67  6:18  Barracks Reactor  
  68  6:19  SCV, Barracks  
  68  6:20  Marine  
  70  6:29  Marine x2  
  72  6:38  Marine  
  73  6:45  Factory Tech Lab  
  69  6:54  Marine x4  
  65  6:59  Marine x2  
  67  7:07  SCV  
  67  7:08  SCV x2  
  70  7:10  Marine  
  70  7:11  Marine  
  70  7:12  Marine x2  
  70  7:14  Terran Infantry Armor Level 1  
  74  7:17  Marauder  
  74  7:18  Marine  
  74  7:19  SCV, Medivac x2  
  74  7:20  Combat Shield, Siege Tank, SCV x2  
  88  7:27  Barracks Reactor  
  88  7:28  Marine  
  88  7:32  Marine, SCV x2  
  88  7:33  Marine  
  88  7:34  Missile Turret  
  88  7:36  Missile Turret x2  
  92  7:38  Marine, Missile Turret  
  92  7:39  Missile Turret  
  93  7:48  Refinery  
  93  7:52  Supply Depot x2  
  93  7:58  Missile Turret  
  93  8:06  Marine x4, SCV x2, Marauder  
  101  8:14  Marine, Siege Tank, SCV, Medivac x2  
  101  8:15  Supply Depot  
  101  8:19  Marine  
  111  8:24  Marine x2  
  113  8:34  Marine  
  113  8:36  Marine x2  
  113  8:38  Marine x2  
  113  8:39  SCV  
  113  8:40  SCV  
  120  8:46  Marine x3  
  120  8:47  Barracks  
  123  8:49  Factory, Barracks  
  123  8:51  Marine, Factory Tech Lab  
  124  8:55  Marine  
  124  9:00  Armory  
  124  9:02  Missile Turret  
  125  9:20  Supply Depot  
  125  9:23  Supply Depot  
  125  9:25  Missile Turret  
  125  9:26  Medivac  
  125  9:27  Missile Turret  
  125  9:41  Marine x6, Medivac  
  125  9:44  Marine x4  
  125  9:45  Siege Tank  
  140  9:59  Marine  
  141  10:07  Marine x2  
  141  10:08  Marine  
  141  10:09  Marine x6  
  111  10:17  Marine  
  111  10:19  Medivac x2  
  105  10:25  Marine x2  
  105  10:26  Marine  
  105  10:27  Marine x5  
  113  10:32  Marine  
  113  10:34  Marine  
  113  10:41  Thor  
  119  10:42  Marine  
  119  10:43  Marine  
  119  10:47  Command Center  
  121  10:50  SCV  
  121  10:51  Marine x6  
  121  10:56  Factory Tech Lab  
  128  11:00  SCV  
  128  11:01  SCV  
  128  11:03  Marine x4  
  134  11:04  Medivac x2  
  134  11:08  Marine, Supply Depot  
  134  11:09  Marine x2  
  141  11:15  Marine  
  141  11:17  Marine x2  
  134  11:26  Marine x5  
  139  11:32  Marine  
  139  11:33  Marine x2  
  139  11:38  Medivac x2  
  146  11:41  Supply Depot  
  146  11:42  Supply Depot  
  146  11:45  Marine x4, Supply Depot  
  150  12:05  Marine  
  150  12:06  Marine x2  
  150  12:08  Marine  
  126  12:10  Marine  
  126  12:15  Marine  
  109  12:23  Marine  
  99  12:39  Marine x4  
  99  12:41  Marine x2  
  99  12:42  Marine x4  
  99  12:43  Siege Tank x2  
  115  12:44  Terran Infantry Weapons Level 2  
  115  12:45  Terran Infantry Armor Level 2  
  115  12:50  Viking x2  
  119  12:51  SCV x3  
  119  12:56  Marine  
  119  12:57  Marine x3  
  126  12:59  Marine x3  
  126  13:01  Barracks Tech Lab, Marauder  
  126  13:02  Barracks Tech Lab  
  131  13:12  SCV  
  132  13:13  SCV x2  
  134  13:20  Viking x2, Marine  
  134  13:23  Marine x4, Marauder  
  134  13:24  Marine x4  
  140  13:38  Marine  
  140  13:41  Marine x5  
  135  13:45  Marine x4  
  142  13:48  Siege Tank, Widow Mine  
  139  13:56  Marine  
  139  13:58  Marine  
  139  13:59  Marine  
  139  14:00  SCV, Armory  
  139  14:01  SCV x3  
  146  14:04  Marauder x2  
  153  14:13  SCV  
  153  14:14  Marine  
  153  14:15  Marine x5  
  153  14:16  Marine  
  158  14:17  Marine, Planetary Fortress  
  158  14:19  Factory Tech Lab  
  159  14:25  Marine x2  
  152  14:32  Marine  
  152  14:34  Marine  
  141  14:40  Marine x2  
  141  14:44  Marine x4  
  125  14:48  Marine  
  126  14:57  Marine x2  
  126  14:58  Marine x3  
  131  15:02  Marine x4  
  131  15:03  Medivac  
  131  15:04  Siege Tank, Thor  
  131  15:05  Marine  
  131  15:06  SCV x2  
  149  15:11  Terran Infantry Weapons Level 3  
  149  15:15  Marine x3  
  149  15:16  Marine x2  
  154  15:26  Refinery  
  154  15:28  Refinery  
  154  15:31  Marine  
  146  15:36  Thor  
  146  15:37  Marine x3  
  146  15:42  Marine x6  
  141  15:43  Viking x2  
  141  15:48  Marine  
  147  15:55  Marine x3  
  150  15:59  Marine  
  150  16:00  Marine x2  
  153  16:07  Marine x4  
  153  16:10  Siege Tank, Command Center  
  160  16:19  Siege Tank  
  160  16:22  Marine x6  
  160  16:25  Marine x3  
  172  16:28  Marine  
  164  16:40  Marine x6, Medivac  
  164  16:43  Marine  
  166  16:48  Marine  
  166  16:49  Marine x2  
  135  16:57  Marine  
  135  16:58  Marine  
  135  16:59  Marine x2  
  115  17:03  Marine x3  
  115  17:07  Marauder x2  
  111  17:15  Marine x2  
  112  17:16  Marine  
  112  17:17  Marine  
  112  17:20  Marine, SCV  
  117  17:26  Medivac  
  117  17:27  Refinery  
  117  17:28  Marauder  
  121  17:46  Marine, Marauder  
  121  17:47  Marine  
  121  17:48  Marine  
  121  17:50  Marine, Marauder  
  128  18:01  Marine  
  128  18:03  Marine  
  120  18:05  Marine  
  120  18:08  Marine, Marauder  
  93  18:13  Marine x4  
  93  18:16  Marine  
  93  18:19  Marine  
  96  18:21  Marine  
  96  18:23  Marine  
  96  18:26  Siege Tank  
  101  18:27  SCV x2  
  103  18:38  Marine  
  103  18:40  Marine x2  
  105  18:42  Marine  
  105  18:45  Marine  
  93  18:51  Marine x2  
  94  18:56  Marine x4  
  94  19:02  Marine x3  
  91  19:03  Marine  
  91  19:04  Widow Mine x2  
  91  19:09  Marine x2  
  96  19:13  Marine  
  96  19:14  Marine, Medivac x2  
  102  19:20  Marine x4  
  106  19:25  SCV x2  
  106  19:28  Command Center  
  108  19:33  Marine x3  
  108  19:34  Marine x2  
  108  19:36  Marine  
  108  19:38  Marine  
  111  19:41  Marine  
  111  19:42  Marine  
  117  19:45  Hellbat x2  
  117  19:46  SCV x2  
  117  19:50  Medivac x2  
  123  19:53  SCV  
  123  19:56  Planetary Fortress  
  123  19:57  Marine x3  
  123  19:59  Marine x3  
  129  20:00  Marine  
  131  20:08  Marine  
  131  20:09  Marine  
  131  20:13  Marine  
  106  20:15  Marine  
  106  20:16  Marine  
  106  20:19  Barracks Tech Lab x2  
  97  20:23  Thor  
  97  20:25  Marine x3  
  97  20:28  Marauder  
  108  20:30  Marine  
  108  20:31  Marauder  
  108  20:33  Marine  
  108  20:34  Marine  
  113  20:38  Marauder  
  113  20:39  Marauder  
  113  20:42  Liberator x2  
  117  20:43  Marine  
  117  20:46  Marine x2  
  117  20:49  Marauder  
  122  20:53  Marine x2  
  124  21:00  SCV x3  
  133  21:06  Thor  
  133  21:07  Marauder x2  
  133  21:08  Marauder  
  133  21:11  Marauder  
  147  21:12  Supply Depot  
  147  21:13  Marine x3  
  150  21:29  Marauder x2  
  154  21:33  SCV  
  154  21:36  Marine, Marauder  
  154  21:37  Marine x2, Marauder  
  154  21:38  Refinery  
Tags
 
Add a new tag
Caveats
  • Supply blocks, unpowered buildings, or Contaminate may cause inaccurate times.
  • Supply counts are checked every 10 seconds.